 Dungeon Sprint DCSS version 0.21.2 (webtiles) character file.

2825 Fang the Cleaver (level 9, 0/65 HPs)
             Began as a Gargoyle Berserker on Oct 16, 2018.
             Was a High Priest of Trog.
             Slain by a vampire (5 damage)
             ... in the Dungeon (Sprint VII: "The Pits").
             The game lasted 00:04:14 (1372 turns).

Fang the Cleaver (Gargoyle Berserker)               Turns: 1372, Time: 00:04:15

Health: 0/65       AC: 21    Str: 27    XL:     9   Next: 73%
Magic:  3/3        EV: 12    Int:  8    God:    Trog [*****.]
Gold:   0          SH:  0    Dex: 12    Spells: 8/8 levels left

rFire    . . .     SeeInvis .   b - +5 battleaxe (antimagic)
rCold    . . .     Gourm    .   (shield currently unavailable)
rNeg     + . .     Faith    .   j - +4 chain mail
rPois    ∞         Spirit   .   (no helmet)
rElec    +         Reflect  .   (no cloak)
rCorr    .         Harm     .   (no gloves)
MR       .....     NoTele   +   (no boots)
Stlth    ..........             (no amulet)
HPRegen  0.20/turn              p - +3 ring of dexterity
MPRegen  0.08/turn              q - +3 ring of strength

@: berserk cooldown, slowed, very slow
A: negative energy resistance 1, electricity resistance, unbreathing,
petrification resistance, rot immunity, AC +6
a: Berserk, Trog's Hand, Brothers in Arms, Burn Spellbooks, Renounce Religion


You were in the Dungeon.
You worshipped Trog.
Trog was extremely pleased with you.
You were very hungry.

You visited 1 branch

Inventory:

Hand Weapons
 b - a +5 antimagic battleaxe (weapon)
 m - a +1 broad axe of chopping
 r - a +2 war axe of freezing
Armour
 j - a +4 chain mail (worn)
Jewellery
 p - a +3 ring of dexterity (left hand)
 q - a +3 ring of strength (right hand)
Scrolls
 i - a scroll of blinking
 k - 3 scrolls of remove curse
 l - a scroll of summoning
Potions
 a - 2 potions of invisibility
 d - 6 potions of curing
 e - 15 potions of heal wounds
 f - a potion of haste
 g - 4 potions of magic
 h - 5 potions of berserk rage
Comestibles
 c - 8 rations
 n - 6 chunks of flesh


   Skills:
 + Level 12.2 Fighting
 + Level 14.0 Axes
 + Level 9.4 Armour
 + Level 6.2 Dodging
 + Level 1.6 Stealth


You had 8 spell levels left.
You didn't know any spells.

Dungeon Overview and Level Annotations

Branches:
Dungeon (1/1)

Altars:
Ashenzari
Cheibriados
Dithmenos
Elyvilon
Fedhas
Gozag
Hepliaklqana
Kikubaaqudgha
Makhleb
Nemelex Xobeh
Okawaru
Qazlal
Ru
Sif Muna
Trog
Uskayaw
Vehumet
Wu Jian
Xom
Yredelemnul
Zin
The Shining One
Beogh
Jiyva
Lugonu


Innate Abilities, Weirdness & Mutations

You are resistant to torment.
Your stone body is resilient. (AC +6)
You are immune to poison.
You resist negative energy. (rN+)
You are resistant to electric shocks. (rElec)
You can survive without breathing.
You are immune to petrification.
You are immune to rotting.


Message History

The soldier ant misses you.
Something is infused with unholy energy, but nothing happens.
You feel much better.
The jumping spider pounces on you but does no damage.
The jumping spider completely misses you.
The white imp hits you but does no damage.
Something completely misses you. Something bites you!
* * * LOW HITPOINT WARNING * * *
The soldier ant barely misses you. The jumping spider closely misses you.
The jumping spider bites you but does no damage.
Your troll goes berserk!
You feel somewhat more hungry.
The jumping spider leaps!
The white imp hits you but does no damage.
Unholy energy fills the air.
* * * LOW HITPOINT WARNING * * *
The soldier ant stings you but does no damage.
The white imp falters for a moment.
The soldier ant stings you but does no damage.
Something hits you.
You die...

#))#####'#####''######
#))##.......##''#####
#).##.......##......#
#[[##.......##....###
#'###...<...##...##.+
...##.......##.s##..#
...##.......##..#..# .
#####.......##T.#{.#....
#..###########..@5.'....
#.############.§#a.#....
#.#....#.![[##..#..# .
#'#....#..[[##..##..#
#.)....'..))##(..##.+
#'#....#..))##.(..###
'.#....#..))##.....)#
#####################


You could see a soldier ant, a jumping spider, a white imp and a friendly troll
(berserk).

Vanquished Creatures
  An eidolon (D)
  A sea snake (D)
  A flying skull (D)
  A hungry ghost (D)
  A fire bat (D)
  A steam dragon (D)
  An acid dragon (D)
  A soldier ant (D)
  A floating eye (D)
  3 phantoms (D)
  A wolf (D)
  A centaur (D)
  A quasit (D)
  A jelly (D)
  A gnoll shaman (D)
  An iguana (D)
  7 gnolls (D)
  A white imp (D)
  An ufetubus (D)
  A leopard gecko (D)
  2 goblins (D)
  3 jackals (D)
  A quokka (D)
  A bat (D)
  A kobold (D)
36 creatures vanquished.

Notes
Turn   | Place    | Note
-------+----------+-------------------------------------------
     0 | D        | Fang the Gargoyle Berserker began the quest for the Orb.
     0 | D        | Reached XP level 1. HP: 14/14 MP: 1/1
    14 | D        | Reached skill level 3 in Axes
    19 | D        | Found a bloodstained altar of Trog.
    19 | D        | Found a deep blue altar of Sif Muna.
    19 | D        | Found a viscous altar of Jiyva.
    19 | D        | Found a hazy altar of Hepliaklqana.
    19 | D        | Found an opulent altar of Gozag.
    20 | D        | Found a glowing golden altar of the Shining One.
    20 | D        | Found a glowing silver altar of Zin.
    20 | D        | Found a basalt altar of Yredelemnul.
    20 | D        | Found a shimmering altar of Xom.
    20 | D        | Found an ornate altar of the Wu Jian Council.
    20 | D        | Found a sacrificial altar of Ru.
    20 | D        | Found a stormy altar of Qazlal.
    20 | D        | Found an iron altar of Okawaru.
    20 | D        | Found a sparkling altar of Nemelex Xobeh.
    20 | D        | Found a burning altar of Makhleb.
    20 | D        | Found a blossoming altar of Fedhas.
    20 | D        | Found a white marble altar of Elyvilon.
    20 | D        | Found a shadowy altar of Dithmenos.
    20 | D        | Found a snail-covered altar of Cheibriados.
    22 | D        | Found a radiant altar of Vehumet.
    22 | D        | Found a corrupted altar of Lugonu.
    22 | D        | Found a roughly hewn altar of Beogh.
    60 | D        | Noticed a floating eye
    62 | D        | Paralysed by a floating eye for 3 turns
    67 | D        | Reached ** piety under Trog
    68 | D        | Paralysed by a floating eye for 3 turns
    74 | D        | Killed a floating eye
    74 | D        | Reached skill level 5 in Axes
    74 | D        | Reached XP level 2. HP: 9/23 MP: 2/2
    74 | D        | Reached XP level 3. HP: 11/28 MP: 3/3
    74 | D        | Reached XP level 4. HP: 12/32 MP: 4/4
   277 | D        | Reached *** piety under Trog
   277 | D        | Reached skill level 6 in Axes
   277 | D        | Reached XP level 5. HP: 38/38 MP: 5/5
   289 | D        | Reached **** piety under Trog
   384 | D        | Noticed a wolf
   384 | D        | Noticed a phantom
   385 | D        | Noticed a phantom
   395 | D        | Killed a phantom
   395 | D        | Reached skill level 7 in Axes
   395 | D        | Reached XP level 6. HP: 45/45 MP: 6/6
   402 | D        | Reached skill level 8 in Axes
   403 | D        | Killed a phantom
   403 | D        | Reached ***** piety under Trog
   403 | D        | Received a gift from Trog
   403 | D        | Reached skill level 5 in Armour
   405 | D        | Reached skill level 9 in Axes
   419 | D        | Received a gift from Trog
   419 | D        | Reached skill level 5 in Dodging
   419 | D        | Reached XP level 7. HP: 32/52 MP: 7/7
   642 | D        | Noticed a fire bat
   646 | D        | Killed a fire bat
   646 | D        | Reached skill level 10 in Fighting
   646 | D        | Reached skill level 10 in Axes
   646 | D        | Reached skill level 1 in Stealth
   699 | D        | Noticed a soldier ant
   707 | D        | Killed a soldier ant
   733 | D        | Noticed a hungry ghost
   733 | D        | Noticed a flying skull
   738 | D        | Killed a flying skull
   738 | D        | Reached XP level 8. HP: 59/59 MP: 2/8
   744 | D        | Reached skill level 11 in Axes
   863 | D        | Noticed a sea snake
   868 | D        | Killed a sea snake
   868 | D        | Reached skill level 12 in Axes
   868 | D        | Reached XP level 9. HP: 62/64 MP: 3/9
   870 | D        | Reached ****** piety under Trog
   872 | D        | Received a gift from Trog
  1023 | D        | Found a hide-covered altar of Uskayaw.
  1023 | D        | Found an ancient bone altar of Kikubaaqudgha.
  1023 | D        | Found a shattered altar of Ashenzari.
  1288 | D        | Reached skill level 13 in Axes
  1350 | D        | Noticed an eidolon
  1351 | D        | Noticed a jumping spider
  1366 | D        | Killed an eidolon
  1366 | D        | Reached skill level 14 in Axes
  1370 | D        | HP: 1/65 [white imp/puff of frost (8)]
  1372 | D        | Slain by a vampire

Skill      XL: |  1  2  3  4  5  6  7  8  9 |
---------------+----------------------------+-----
Axes           | 5 6 7 9 10 12 14 | 14.0
Fighting       | 6 7 8 9 10 11 12 | 12.2
Armour         | 3 4 5 6 7 9 |  9.4
Dodging        | 3 4 5 6 |  6.2
Stealth        | 1 |  1.6

Action                   |  1- 3 |  4- 6 |  7- 9 || total
-------------------------+-------+-------+-------++-------
Melee: Hand axe          |    12 |    42 |     5 ||    59
       Battleaxe         |       |       |    68 ||    68
Invok: Berserk           |       |     2 |     4 ||     6
       Brothers in Arms  |       |       |     1 ||     1
  Use: Potion            |       |       |     1 ||     1
  Eat: Chunk             |       |       |     3 ||     3
       Ration            |       |       |     1 ||     1
Armor: Animal skin       |    10 |     5 |       ||    15
       Chain mail        |       |    26 |    88 ||   114
Dodge: Dodged            |    15 |    41 |    59 ||   115
